 Dungeon Crawl Stone Soup version 0.28-a0-938-gbc3f381ebc (webtiles) character file.

Game seed: 1061650541577362942

8481 mainiacjoe the Thaumaturge (level 11, 0/65 HPs)
             Began as a Djinni Earth Elementalist on Nov 29, 2021.
             Was a Follower of Makhleb.
             Killed from afar by a gargoyle (12 damage)
             ... with a stone arrow
             ... on level 10 of the Dungeon on Nov 30, 2021.
             The game lasted 00:34:50 (10895 turns).

mainiacjoe the Thaumaturge (DjEE)                  Turns: 10895, Time: 00:34:51

Health: 0/65       AC:  9    Str:  7    XL:     11   Next: 56%
Gold:   269        EV: 12    Int: 20    God:    Makhleb [*.....] SH:  0 Dex: 20

rFire   + + .      SeeInvis +   b - +0 shortbow
rCold   x . .      Faith    .   (shield currently unavailable)
rNeg    . . .      Spirit   .   z - +0 leather armour of the Disturbing Allies {Regen+}
rPois   ∞          Reflect  .   s - +2 helmet {Robin}
rElec   .          Harm     .   q - scarf {+Inv}
rCorr   .          Rampage  .   G - +2 pair of gloves {Stlth+}
Will    +....                   (boots unavailable)
Stlth   +++++.....              (no amulet)
HPRegen 1.00/turn               I - +6 ring of dexterity
MPRegen 0.00/turn               J - ring of see invisible

@: flying, studying Staves
A: sickness immunity, fire resistance 2, cold vulnerability 1, float, innate
caster, hp casting, extra vitality 1
a: Renounce Religion, Evoke Invisibility


You were on level 10 of the Dungeon.
You worshipped Makhleb.
Makhleb was aware of your devotion.
You visited 2 branches of the dungeon, and saw 11 of its levels.
You also visited: Sewer.

You collected 635 gold pieces.
You spent 366 gold pieces at shops.

Inventory:

Hand Weapons
 a - a +0 dagger of flaming
 b - a +0 shortbow (weapon)
 m - a +2 spear of flaming
 w - a +0 rapier
Missiles
 c - 332 stones
 d - 147 arrows (quivered ammo)
 h - 63 sling bullets
 o - 4 atropa-tipped darts {=F}
 u - 11 boomerangs
 C - 24 poisoned darts
 K - 4 javelins
 N - 2 throwing nets {=F}
 P - 16 bolts
Armour
 q - a scarf of invisibility (worn)
 s - a +2 helmet (worn) {Robin}
 z - the +0 leather armour of the Disturbing Allies (worn) {Regen+}
   (You bought it in a shop on level 1 of the Dungeon)

   Regen:     It increases your rate of health regeneration.
 G - a +2 pair of gloves of stealth (worn)
 L - +0 steam dragon scales
Magical Staves
 l - a staff of air
Jewellery
 I - a +6 ring of dexterity (left hand)
 J - a ring of see invisible (right hand)
Wands
 v - a wand of digging (10)
 D - a wand of paralysis (28)
Scrolls
 e - 2 scrolls of blinking
 f - 7 scrolls of teleportation
 g - 2 scrolls of magic mapping
 r - 2 scrolls of immolation
 t - a scroll of silence
 y - 2 scrolls of enchant armour {unknown}
 E - a scroll of fear
 F - a scroll of amnesia {unknown}
 H - a scroll of fog {unknown}
 M - a scroll of acquirement {unknown}
Potions
 i - 2 potions of invisibility
 j - a potion of lignification
 k - 6 potions of curing
 n - a potion of ambrosia
 p - 3 potions of might
 x - a potion of heal wounds
 A - 2 potions of cancellation
 B - a potion of haste
 O - a potion of resistance {unknown}


   Skills:
 + Level 8.5 Short Blades
 - Level 2.1 Dodging
 + Level 8.9 Stealth
 - Level 9.0 Spellcasting


You had 5 spell levels left.
You knew the following spells:

 Your Spells              Type           Power      Damage    Failure   Level
a - Sandblast             Erth           90%        2d19      1%          1
b - Passwall              Tmut/Erth      37%        N/A       1%          2
c - Stone Arrow           Conj/Erth      90%        3d12      1%          3
d - Petrify               Tmut/Erth      45%        N/A       2%          4
e - Frozen Ramparts       Ice            90%        1d11      1%          3
f - Sticky Flame          Conj/Fire      45%        2d6       2%          4
g - Corpse Rot            Necr/Air       90%        N/A       1%          2
h - Freeze                Ice            100%       1d11      1%          1
z - Ozocubu's Armour      Ice            45%        N/A       1%          3
Your spell library was empty.

Dungeon Overview and Level Annotations

Branches:
Dungeon (10/15)            Temple (1/1) D:7           Sewer (visited)
   Lair: D:8-11         Orc: D:9-12

Altars:
Ashenzari
Cheibriados
Dithmenos
Elyvilon
Fedhas
Gozag
Hepliaklqana
Kikubaaqudgha
Makhleb
Nemelex Xobeh
Okawaru
Qazlal
Ru
Sif Muna
Trog
Uskayaw
Vehumet
Wu Jian
Xom
Yredelemnul
Zin
The Shining One

Shops:
D:1 [   D:10 (


Innate Abilities, Weirdness & Mutations

You are immune to sickness and miasma.
You are immune to poison.
Your flesh is very heat resistant. (rF++)
You are vulnerable to cold. (rC-)
You float through the air rather than walking.
You learn spells naturally, not from books.
Your magical power is your life essence.
You have superior vitality. (+4 HP)


Message History

Press: ? - help, Shift-Dir - straight line, f - gargoyle
Aim: a gargoyle, wielding a +0 mace (89% to hit)
The stone arrow hits the gargoyle!
The gargoyle is moderately damaged.
The gargoyle hurls a stone arrow at you.
The stone arrow hits you!
You reach down and close the door.
Something unseen breaks down the door.
The gargoyle hurls a stone arrow at you.
The stone arrow hits you!
Casting: Stone Arrow (safe; 1% risk of failure)
Confirm with . or Enter, or press ? or * to list all spells.
You can't see any susceptible monsters within range! (Use Z to cast anyway.)
Casting: Stone Arrow (safe; 1% risk of failure)
Confirm with . or Enter, or press ? or * to list all spells.
Aiming: Stone Arrow (safe; 1% risk of failure)
Press: ? - help, Shift-Dir - straight line, f/p - gargoyle
Aim: a gargoyle, wielding a +0 mace (moderately damaged, 89% to hit)
The stone arrow hits the gargoyle!
The gargoyle is heavily damaged.
Casting: Stone Arrow (safe; 1% risk of failure)
Confirm with . or Enter, or press ? or * to list all spells.
Aiming: Stone Arrow (safe; 1% risk of failure)
Press: ? - help, Shift-Dir - straight line, f/p - gargoyle
Aim: a gargoyle, wielding a +0 mace (heavily damaged, 89% to hit)
The stone arrow hits the gargoyle!
The gargoyle is almost destroyed.
The gargoyle hurls a stone arrow at you.
The stone arrow hits you!!
* * * LOW HITPOINT WARNING * * *
Casting: Stone Arrow (safe; 1% risk of failure)
Confirm with . or Enter, or press ? or * to list all spells.
Aiming: Stone Arrow (safe; 1% risk of failure)
Press: ? - help, Shift-Dir - straight line, f/p - gargoyle
Aim: a gargoyle, wielding a +0 mace (almost destroyed, 89% to hit)
The stone arrow misses the gargoyle.
* * * LOW HITPOINT WARNING * * *
The gargoyle hurls a stone arrow at you.
The stone arrow hits you!
You die...

....###...## ##...## #..#
###.##.....###.....###.....##.#
# #.#.......#...[...#...$...#.#
# #.#.......#.......#.......#.#
###.#.......#.......#...9...#.#
.##.##.....###.....## .....##.#
.##.###...## ##...## ...##..#
..#...##†#######'#######'##..##
#.#.#...........@..9........##
#...#.......................#
##..#.....).........[.......#
#..####)#######'#######+####
##.###...## ##...##
#.##.....###.....##
#.#.......#.......#
#.#.......#.......#
#.#.......#.......#


You could see a gargoyle.

Vanquished Creatures
  Harold (D:9)
  A hydra (D:9)
  2 two-headed ogres
  A deep elf pyromancer (D:9)
  Joseph (D:8)
  A hornet (D:8)
  A troll (D:10)
  Grinder (D:3)
  A vampire (D:9)
  Eustachio (D:5)
  2 steam dragons
  Grum (D:8)
  A vampire mosquito (D:10)
  An acid dragon (D:9)
  2 orc warriors
  Pargi (Sewer)
  2 ice beasts
  2 black bears
  2 necrophages
  3 wolves
  5 ogres
  4 centaurs
  A phantom (D:5)
  A kobold brigand (D:10)
  5 scorpions
  2 wyvern zombies (D:8)
  2 water moccasin skeletons
  7 killer bees
  A centaur zombie (D:8)
  A bullfrog zombie (D:5)
  Crazy Yiuf (D:3)
  A hound (D:5)
  2 jellies
  5 orc priests
  4 gnoll shamans
  A bullfrog skeleton (D:6)
  Terence (D:2)
  3 orc wizards
  A scorpion zombie (D:5)
  A killer bee zombie (D:9)
  Robin (D:1)
  3 howler monkey zombies
  21 gnolls
  11 adders
  A river rat (D:3)
  An adder skeleton (D:4)
  3 worms
  3 dart slugs
  22 orcs
  13 ball pythons
  8 bats
  5 endoplasms
  3 giant cockroaches
  8 hobgoblins
  14 jackals
  4 quokkas
  4 frilled lizards
  13 goblins
  5 kobolds
  9 rats
229 creatures vanquished.

Notes
Turn   | Place    | Note
-------+----------+-------------------------------------------
     0 | D:1      | mainiacjoe the Djinni Earth Elementalist began the quest
                  | for the Orb.
     0 | D:1      | Reached XP level 1. HP: 15/15 MP: 0/0
   326 | D:1      | Found Etsuruero's Armour Shoppe.
   328 | D:1      | Reached XP level 2. HP: 20/21 MP: 0/0
  1113 | D:1      | Reached skill level 3 in Spellcasting
  1113 | D:1      | Reached XP level 3. HP: 20/25 MP: 0/0
  1113 | D:1      | Learned a level 1 spell: Freeze
  2307 | D:2      | Reached XP level 4. HP: 30/31 MP: 0/0
  2362 | D:2      | Noticed Robin
  2452 | D:1      | Killed Robin
  2975 | D:2      | Reached skill level 1 in Short Blades
  3068 | D:1      | Bought the +0 leather armour of the Disturbing Allies
                  | {Regen+} for 108 gold pieces
  3122 | D:2      | Noticed Terence
  3131 | D:2      | Killed Terence
  3132 | D:2      | Reached XP level 5. HP: 27/35 MP: 0/0
  3132 | D:2      | Learned a level 2 spell: Corpse Rot
  3543 | D:3      | Found a faded altar of an unknown god.
  3581 | D:3      | Noticed Grinder
  3584 | D:3      | Paralysed by Grinder for 4 turns
  3591 | D:3      | Paralysed by Grinder for 6 turns
  3599 | D:3      | Killed Grinder
  3600 | D:3      | Reached skill level 4 in Spellcasting
  3600 | D:3      | Reached XP level 6. HP: 39/40 MP: 0/0
  3699 | D:3      | Found a glowing drain.
  3703 | Sewer    | Entered a sewer
  3735 | Sewer    | Reached XP level 7. HP: 40/45 MP: 0/0
  3735 | Sewer    | Learned a level 3 spell: Frozen Ramparts
  3754 | Sewer    | Noticed Pargi
  3772 | Sewer    | Killed Pargi
  4293 | D:3      | Found a runed translucent door.
  4294 | D:3      | Noticed Crazy Yiuf
  4316 | D:3      | Killed Crazy Yiuf
  4446 | D:3      | Reached skill level 5 in Spellcasting
  4808 | D:4      | Reached XP level 8. HP: 45/50 MP: 0/0
  5264 | D:4      | Found a stormy altar of Qazlal.
  5526 | D:5      | Entered Level 5 of the Dungeon
  5916 | D:5      | Reached skill level 6 in Spellcasting
  5984 | D:5      | Reached skill level 5 in Stealth
  5984 | D:5      | Reached XP level 9. HP: 51/55 MP: 0/0
  5984 | D:5      | Learned a level 3 spell: Ozocubu's Armour
  6108 | D:5      | Noticed Eustachio
  6116 | D:5      | Killed Eustachio
  6757 | D:6      | Reached skill level 5 in Short Blades
  6757 | D:6      | Reached skill level 7 in Spellcasting
  7662 | D:7      | Found a staircase to the Ecumenical Temple.
  7667 | Temple   | Entered the Ecumenical Temple
  7757 | Temple   | Became a worshipper of Makhleb the Destroyer
  7900 | D:7      | Noticed a two-headed ogre
  7914 | D:7      | Killed a two-headed ogre
  7915 | D:7      | Reached skill level 8 in Spellcasting
  7915 | D:7      | Reached XP level 10. HP: 60/60 MP: 0/0
  8139 | D:1      | Bought a +2 pair of gloves of stealth for 258 gold pieces
  8918 | D:8      | Noticed Grum
  9096 | D:8      | Killed Grum
  9397 | D:8      | Noticed Joseph
  9414 | D:8      | Killed Joseph
  9579 | D:9      | Noticed a deep elf pyromancer
  9584 | D:9      | Killed a deep elf pyromancer
  9585 | D:9      | Reached skill level 9 in Spellcasting
  9608 | D:9      | Noticed Harold
  9670 | D:9      | Reached XP level 11. HP: 65/65 MP: 0/0
  9670 | D:9      | Learned a level 4 spell: Sticky Flame
  9713 | D:9      | Reached * piety under Makhleb
 10033 | D:9      | Noticed a six-headed hydra
 10044 | D:9      | Killed a six-headed hydra
 10089 | D:9      | Killed Harold
 10457 | D:10     | Entered Level 10 of the Dungeon
 10661 | D:10     | Found Muemp's Weapon Shoppe.
 10813 | D:10     | Noticed a two-headed ogre
 10832 | D:10     | Killed a two-headed ogre
 10895 | D:10     | Killed from afar by a gargoyle

Illustrated notes

Levels and vault maps discovered:
D:1:      minmay_arrival_diagonal_passages, layout_loops_ring, serial_shops,
          nicolae_shop_hallway_stairs
D:2:      layout_loops_cross, uniq_terence, uniq_robin
D:3:      layout_basic, lightli_sewer_entry_pipes,
          hellmonk_ecumenical_altar_zigzags, uniq_grinder,
          uniq_crazy_yiuf_cottage
D:4:      layout_basic, nicolae_qazlal_general_emergency,
          minmay_manual_macuahuitl
D:5:      layout_gridville, uniq_eustachio
D:6:      layout_basic
D:7:      layout_basic, temple_doors_cd, minivault_10, minivault_24,
          chequers_serial_rivers_micro_c
D:8:      layout_rooms, wad_floor_pattern_untrapped, uniq_joseph, uniq_grum
D:9:      layout_cave_pools, serial_co_window_serial, co_window_corner_a,
          co_window_paths_b, co_window_of_opportunity_a, co_window_paths_a,
          co_window_paths_a, co_window_paths_a, co_window_cross_2,
          co_window_2corner, co_window_broadway_b, co_window_unsneaky_path_c,
          glass_columns_c, glass_columns_b, glass_columns_a, uniq_harold
D:10:     kennysheep_six_static_rooms, layout_basic, serial_shops,
          shop_fountains
Temple:   dpeg_three_leaves_temple

Skill      XL: |  1  2  3  4  5  6  7  8  9 10 11 |
---------------+----------------------------------+-----
Stealth        | 2 3 4 5 6 7 8 |  8.9
Spellcasting   | 3 4 5 6 8 9 |  9.0
Short Blades   | 1 2 3 4 6 7 8 |  8.5
Dodging        | |  2.1

Action                   |  1- 3 |  4- 6 |  7- 9 | 10-12 || total
-------------------------+-------+-------+-------+-------++-------
Melee: Unarmed           |     3 |       |       |       ||     3
       Whip              |    38 |       |       |       ||    38
       Dagger            |    15 |    24 |    17 |    48 ||   104
       Rapier            |       |    29 |    31 |    15 ||    75
 Fire: Hunting sling     |    46 |    56 |    87 |       ||   189
       Shortbow          |       |       |    46 |    24 ||    70
Throw: Stone             |    16 |    13 |    31 |       ||    60
       Boomerang         |       |       |     1 |     4 ||     5
 Cast: Sandblast         |    29 |    19 |     3 |     4 ||    55
       Passwall          |     1 |     3 |     2 |     3 ||     9
       Stone Arrow       |       |     9 |    66 |    35 ||   110
       Corpse Rot        |       |     1 |       |       ||     1
       Petrify           |       |       |    12 |    30 ||    42
       Frozen Ramparts   |       |       |    11 |     9 ||    20
       Freeze            |       |       |     1 |       ||     1
       Ozocubu's Armour  |       |       |       |     2 ||     2
  Use: Scroll            |     1 |     1 |     7 |     8 ||    17
 Stab: Sleeping          |     4 |     3 |     2 |     2 ||    11
       Petrified         |       |       |    22 |    25 ||    47
Armor: Robe              |    17 |     6 |       |       ||    23
       Leather armour    |       |    24 |    32 |    25 ||    81
Dodge: Dodged            |    58 |    50 |    56 |    45 ||   209

Table legend: (Time is in decaauts)
 A = Elapsed time spent in this place.
 B = Non-inter-level travel time spent in this place.
 C = Inter-level travel time spent in this place.
 D = Time resting spent in this place.
 E = Time spent auto-exploring this place.
 F = Levels seen in this place.
 G = Mean time per level.
                   A        B        C        D        E       F      G
               +--------+--------+--------+--------+--------+-----+--------+
         Total |  10922 |  10252 |    670 |    902 |   7101 |  12 |  910.2 |
       Dungeon |  10546 |   9882 |    664 |    902 |   6918 |  10 | 1054.6 |
        Temple |     97 |     91 |      6 |      0 |     55 |   1 |   97.0 |
         Sewer |    278 |    278 |      0 |      0 |    128 |   1 |  278.0 |
               +--------+--------+--------+--------+--------+-----+--------+

Top non-repeatable levels by time:
     D:1: 2545 daAuts
     D:5: 1275 daAuts
     D:3: 1106 daAuts
     D:6: 966 daAuts
     D:7: 952 daAuts
     D:4: 911 daAuts
     D:2: 877 daAuts
     D:9: 856 daAuts
     D:8: 622 daAuts
    D:10: 430 daAuts
   Sewer: 278 daAuts
  Temple: 97 daAuts
